 Dungeon Crawl Stone Soup version 0.31-a0-1202-ga8fea8b373 (webtiles) character file.

Game seed: 13433767711573939537

645529 Amplified the Demon Slayer (level 27, 0/273 HPs)
             Began as a Minotaur Shapeshifter on Dec 11, 2023.
             Was a High Priest of the Shining One.
             Killed from afar by an Ice Fiend (1 damage)
             ... with a bolt of cold
             ... while petrified by a nargun
             ... on level 9 of a ziggurat on Dec 12, 2023.
             The game lasted 01:54:04 (71635 turns).

Amplified the Demon Slayer (Minotaur Shapeshifter) Turns: 71635, Time: 01:54:04

Health: 0/273      AC: 24    Str: 26    XL:     27
Magic:  30/30      EV:  2    Int: 14    God:    the Shining One [*****.]
Gold:   6944       SH:  0    Dex: 13    Spells: 24/26 levels left

rFire   + + +        t - +7 eveningstar (holy)
rCold   + + +        V - +5 tower shield {rC+}
rNeg    + + +        J - +4 ring mail {rF+}
rPois   ∞            (helmet unavailable)
rElec   +            O - +2 cloak of Rotation {rPois Int-2 Slay+3}
rCorr   +            Y - +3 pair of gauntlets of War {Slay+5}
SInv    .            v - +1 pair of boots "Adameor" {rC+}
Will    +....        r - amulet of Tyroqimo {Reflect *Slow Fly rF++ SH+5}
Stlth   +            a - ring "Beuheurch" {^Drain rC+ Str+2 Slay+3}
HPRegen 0.00/turn    j - ring "Ohoes" {rElec rF+ rCorr MP-9 Int+3}
MPRegen 0.22/turn

%: slow self (1%), reflection
@: petrified, weak-willed, flying, inhibited regen, slowed, glowing, studying
Unarmed Combat
A: horns 3, retaliatory headbutt, inhibited regeneration, teleportitis 1,
subdued magic 1, persistent drain
}: 4/15 runes: barnacled, silver, abyssal, gossamer
a: Renounce Religion, Divine Shield, Cleansing Flame, Summon Divine Warrior


You were on level 9 of a ziggurat.
You worshipped the Shining One.
The Shining One was extremely pleased with you.
You visited 13 branches of the dungeon, and saw 53 of its levels.
You visited the Abyss 1 time.
You visited 1 ziggurat, and saw 9 of its levels.
You also visited: Sewer, Ossuary, Gauntlet, Ice Cave, Wizlab and Desolation.

You collected 10248 gold pieces.
You spent 3304 gold pieces at shops.

Inventory:

Hand Weapons
 e - a +5 demon blade of freezing
 t - a +7 eveningstar of holy wrath (weapon)
 C - a +5 spectral eveningstar
 K - the +8 eveningstar "Tiqeffell" {freeze, Int+2}
   (You acquired it on level 2 of the Realm of Zot)

   Int+2:     It affects your intelligence (+2).
Missiles
 h - 16 curare-tipped darts
 p - 3 throwing nets
Armour
 v - the +1 pair of boots "Adameor" (worn) {rC+}
   (You found it on level 2 of the Orcish Mines)

   rC+:       It protects you from cold.
 G - a +1 hat
 J - a +4 ring mail of fire resistance (worn)
 O - the +2 cloak of Rotation (worn) {rPois Int-2 Slay+3}
   (You found it in a Gauntlet)

   Int-2:     It affects your intelligence (-2).
   Slay+3:    It affects your accuracy & damage with ranged weapons and melee
   (+3).
   rPois:     It protects you from poison
 V - a +5 tower shield of cold resistance (worn)
 Y - the +3 pair of gauntlets of War (worn) {Slay+5}
   (You found it on level 3 of the Elven Halls)

   Slay+5:    It affects your accuracy & damage with ranged weapons and melee
   (+5).
Jewellery
 a - the ring "Beuheurch" (left hand) {^Drain rC+ Str+2 Slay+3}
   (You took it off a deep elf elementalist on level 3 of the Elven Halls)

   [ring of protection from cold]

   Str+2:     It affects your strength (+2).
   Slay+3:    It affects your accuracy & damage with ranged weapons and melee
   (+3).
   rC+:       It protects you from cold.
   ^Drain:    It drains your maximum health when unequipped.
 d - the amulet "Talimn" {Acrobat Will+}
   (You found it on level 13 of the Dungeon)

   [amulet of the acrobat]

   Acrobat:   It increases your evasion while moving and waiting.
   Will+:     It increases your willpower.
 j - the ring "Ohoes" (right hand) {rElec rF+ rCorr MP-9 Int+3}
   (You found it on level 4 of a ziggurat)

   [ring of protection from fire]

   Int+3:     It affects your intelligence (+3).
   rF+:       It protects you from fire.
   rElec:     It insulates you from electricity.
   MP-9:      It affects your magic capacity (-9).
   rCorr:     It protects you from acid and corrosion.
 r - the amulet of Tyroqimo (around neck) {Reflect *Slow Fly rF++ SH+5}
   (You took it off a deep elf annihilator on level 3 of the Elven Halls)

   [amulet of reflection]

   Reflect:   It reflects blocked missile attacks.
   rF++:      It greatly protects you from fire.
   Fly:       It grants you flight.
   *Slow:     It may slow you when you take damage.
   SH+5:      It affects your SH (+5).
 s - the ring "Gywathrycoun" {rPois rN+++ Will- EV+5 Int-5 SInv}
   (You found it on level 3 of the Crypt)

   [ring of evasion]

   EV+5:      It affects your evasion (+5).
   Int-5:     It affects your intelligence (-5).
   rPois:     It protects you from poison rN+++: It renders you almost immune to
   negative energy.
   Will-:     It decreases your willpower.
   SInv:      It lets you see invisible.
 I - the ring of Noab {Fly rElec Str+6}
   (You took it off a spriggan air mage on level 2 of the Depths)

   [ring of strength]

   Str+6:     It affects your strength (+6).
   rElec:     It insulates you from electricity.
   Fly:       It grants you flight.
 N - the ring of Puzaomok {rC+ rCorr Str+5 Int+4}
   (You found it on level 6 of a ziggurat)

   [ring of resist corrosion]

   Str+5:     It affects your strength (+5).
   Int+4:     It affects your intelligence (+4).
   rC+:       It protects you from cold.
   rCorr:     It protects you from acid and corrosion.
 Q - the ring of Lyfo {Wiz rElec Dex+3}
   (You bought it in a shop on level 2 of the Orcish Mines)

   [ring of wizardry]

   Wiz:       It improves your spell success rate.
   Dex+3:     It affects your dexterity (+3).
   rElec:     It insulates you from electricity.
 X - the ring "Fiteboj" {rCorr Dex+4}
   (You bought it in a shop on level 2 of the Orcish Mines)

   [ring of resist corrosion]

   Dex+4:     It affects your dexterity (+4).
   rCorr:     It protects you from acid and corrosion.
Wands
 b - a wand of charming (59)
 k - a wand of flame (5)
 z - a wand of mindburst (8)
 R - a wand of digging (15)
 T - a wand of acid (29)
 U - a wand of iceblast (26)
Scrolls
 c - 8 scrolls of butterflies
 f - 5 scrolls of poison
 g - a scroll of revelation
 i - 14 scrolls of teleportation
 l - 2 scrolls of vulnerability
 o - 4 scrolls of amnesia
 w - 4 scrolls of immolation
 B - 5 scrolls of blinking
 E - 13 scrolls of fear
 H - 3 scrolls of silence
 L - 6 scrolls of fog
Potions
 m - 11 potions of brilliance
 n - 10 potions of enlightenment
 q - 5 potions of magic
 u - a potion of cancellation
 x - 13 potions of lignification
 A - 2 potions of attraction
 D - 11 potions of curing
 F - 5 potions of heal wounds
 M - 2 potions of ambrosia
 P - 4 potions of haste
 W - 2 potions of might
 Z - 2 potions of resistance
Miscellaneous
 y - a phantom mirror (inert)


   Skills:
 O Level 27 Fighting
 - Level 16.7(19.0) Axes
 - Level 15.3(18.4) Maces & Flails
 * Level 18.0 Armour
 * Level 20.1 Dodging
 * Level 22.4 Shields
 - Level 3.2 Unarmed Combat
 - Level 10.0 Ice Magic
 O Level 27 Invocations
 - Level 12.8 Shapeshifting


You had 24 spell levels left.
You knew the following spells:

 Your Spells              Type           Power      Damage    Failure   Level
a - Passwall              Tmut/Erth      0%         N/A       54%         2

Your spell library contained the following spells:

 Spells                   Type           Power      Damage    Failure   Level
 Freeze                   Ice            84%        1d9       1%          1
 Frozen Ramparts          Ice            42%        1d7       1%          3
 Ozocubu's Armour         Ice            21%        N/A       1%          3
 Hailstorm                Conj/Ice       10%        3d6       16%         3
 Apportation              Tloc           0%         N/A       41%         1
 Kiss of Death            Conj/Necr      0%         2d5       41%         1
 Magic Dart               Conj           0%         1d3       41%         1
 Necrotise                Necr           0%         1d4       41%         1
 Shock                    Conj/Air       0%         1d3       41%         1
 Slow                     Hex            0%         N/A       41%         1
 Sting                    Tmut/Pois      0%         1d3       41%         1
 Summon Small Mammal      Summ           0%         N/A       41%         1
 Summon Ice Beast         Ice/Summ       10%        N/A       50%         4
 Blink                    Tloc           0%         N/A       54%         2
 Jinxbite                 Hex            0%         N/A       54%         2
 Lesser Beckoning         Tloc           0%         N/A       54%         2
 Momentum Strike          Conj/Tloc      0%         3d8       54%         2
 Poisonous Vapours        Pois/Air       0%         N/A       54%         2
 Searing Ray              Conj           0%         2d4       54%         2
 Sublimation of Blood     Necr           0%         N/A       54%         2
 Wereblood                Tmut           0%         N/A       54%         2
 Call Canine Familiar     Summ           0%         N/A       80%         3
 Confusing Touch          Hex            0%         N/A       80%         3
 Gell's Gravitas          Tloc           0%         N/A       80%         3
 Inner Flame              Hex/Fire       0%         N/A       80%         3
 Mephitic Cloud           Conj/Pois/Air  0%         N/A       80%         3
 Sigil of Binding         Hex            0%         N/A       80%         3
 Stone Arrow              Conj/Erth      0%         3d7       80%         3
 Teleport Other           Tloc           0%         N/A       80%         3
 Tukima's Dance           Hex            0%         N/A       80%         3
 Vampiric Draining        Necr           0%         2d6       80%         3
 Metabolic Englaciation   Hex/Ice        5%         N/A       85%         5
 Freezing Cloud           Conj/Ice/Air   3%         6-21      97%         5
 Airstrike                Air            0%         2d(0-16)  99%         4
 Anguish                  Hex/Necr       0%         N/A       99%         4
 Animate Armour           Summ/Erth      0%         N/A       99%         4
 Cause Fear               Hex            0%         N/A       99%         4
 Dimensional Bullseye     Hex/Tloc       0%         N/A       99%         4
 Dispel Undead            Necr           0%         3d6       99%         4
 Flame Wave               Conj/Fire      0%         2d4       99%         4
 Fulminant Prism          Conj/Hex       0%         3d5       99%         4
 Iskenderun's Mystic Bla  Conj/Tloc      0%         2d3       99%         4
 Leda's Liquefaction      Hex/Erth       0%         N/A       99%         4
 Manifold Assault         Tloc           0%         N/A       99%         4
 Olgreb's Toxic Radiance  Pois           0%         N/A       99%         4
 Passage of Golubria      Tloc           0%         N/A       99%         4
 Petrify                  Tmut/Erth      0%         N/A       99%         4
 Sticky Flame             Conj/Fire      0%         2d3       99%         4
 Vhi's Electric Charge    Tloc/Air       0%         N/A       99%         4
 Agony                    Necr           0%         N/A       100%        5
 Alistair's Intoxication  Tmut/Pois      0%         N/A       100%        5
 Arcjolt                  Conj/Air       0%         1d10      100%        5
 Irradiate                Conj/Tmut      0%         3d11      100%        5
 Iskenderun's Battlesphe  Conj           0%         2d6       100%        5
 Lee's Rapid Deconstruct  Erth           0%         3d4*      100%        5
 Silence                  Hex/Air        0%         N/A       100%        5
 Summon Forest            Summ/Tloc      0%         N/A       100%        5
 Summon Mana Viper        Hex/Summ       0%         N/A       100%        5
 Bombard                  Conj/Erth      0%         9d1       100%        6
 Dispersal                Tloc           0%         N/A       100%        6
 Eringya's Noxious Bog    Tmut/Pois      0%         4d6       100%        6
 Plasma Beam              Fire/Air       0%         2x1d10    100%        6
 Simulacrum               Ice/Necr       5%         N/A       100%        6
 Summon Cactus Giant      Summ           0%         N/A       100%        6
 Enfeeble                 Hex            0%         N/A       100%        7
 Monstrous Menagerie      Summ           0%         N/A       100%        7
 Ozocubu's Refrigeration  Ice            10%        4d9       100%        7
 Spellforged Servitor     Conj/Summ      0%         N/A       100%        7
 Summon Hydra             Summ           0%         N/A       100%        7
 Borgnjor's Revivificati  Necr           0%         N/A       100%        8
 Disjunction              Tloc           0%         N/A       100%        8
 Ignition                 Fire           0%         3d3       100%        8
 Infestation              Necr           0%         N/A       100%        8
 Lehudib's Crystal Spear  Conj/Erth      0%         10d2      100%        8
 Chain Lightning          Conj/Air       0%         N/A       100%        9
 Polar Vortex             Ice            10%        12d1*     100%        9


Dungeon Overview and Level Annotations

Branches:
Dungeon (15/15)            Temple (1/1) D:5            Lair (5/5) D:11
 Shoals (4/4) Lair:3       Spider (4/4) Lair:3        Slime (2/5) Lair:5
    Orc (2/2) D:11            Elf (3/3) Orc:2        Vaults (5/5) D:13
  Crypt (3/3) Vaults:3       Tomb (0/3) Crypt:3      Depths (4/4) D:15
   Hell (visited)             Dis (0/7) Hell            Geh (0/7) Hell
    Coc (0/7) Hell            Tar (0/7) Hell            Zot (4/5) Depths:4
  Sewer (visited)         Ossuary (visited)           IceCv (visited)
 WizLab (visited)         Desolation (visited)      Gauntlet (visited)

Altars:
Ashenzari
Cheibriados
Dithmenos
Elyvilon
Fedhas
Gozag
Hepliaklqana
Kikubaaqudgha
Makhleb
Nemelex Xobeh
Okawaru
Qazlal
Ru
Sif Muna
Trog
Uskayaw
Vehumet
Wu Jian
Xom
Yredelemnul
Zin
The Shining One
Jiyva

Shops:
D:3 *   D:8 (*([   Orc:1 :!   Orc:2 (*=[   Elf:1 ?   Elf:2 ?   Vaults:3 (
Vaults:4 :

Portals:
Hell: Depths:1 Depths:2 Depths:3 Depths:4
Abyss: Depths:3 Depths:4
Pandemonium: Depths:1 Depths:2
Trove: Elf:2 (give +5 demon blade)

Annotations:
D:12 Check out statue ring, exclusion: orange crystal statue
Lair:4 exclusion: oklob plant
Lair:5 exclusion: oklob plant
Elf:2 3 runed translucent doors
Vaults:1 Norris
Vaults:2 3 runed translucent doors, crisisinutopia's ghost, adept MiFi


Innate Abilities, Weirdness & Mutations

You have a pair of large horns on your head.
You reflexively headbutt those who attack you in melee.
You do not regenerate when monsters are visible.
You are occasionally teleported next to monsters.
Your spells are a little easier to cast, but a little less powerful.
Your health recovers twice as slowly from being drained.


Message History

The Ice Fiend barely misses you. The Ice Fiend claws you.
* * * LOW HITPOINT WARNING * * *
The Ice Fiend freezes you! You resist.
* * * LOW HITPOINT WARNING * * *
The nargun hits you.
* * * LOW HITPOINT WARNING * * *
The nargun bites you but does no damage.
The Ice Fiend claws you. The Ice Fiend freezes you. You resist.
* * * LOW HITPOINT WARNING * * *
You feel yourself slow down. The Ice Fiend claws you!
* * * LOW HITPOINT WARNING * * *
The Ice Fiend freezes you! You resist.
* * * LOW HITPOINT WARNING * * *
You feel as though you will be slow longer.
You resist with significant effort. The Ice Fiend gestures at you.
The bolt of cold hits you! You resist.
* * * LOW HITPOINT WARNING * * *
The bolt of cold hits the nargun.
The nargun completely resists.
The nargun hits you!
* * * LOW HITPOINT WARNING * * *
The nargun bites you but does no damage.
The nargun hits you.
* * * LOW HITPOINT WARNING * * *
Your willpower is stripped away!
The nargun bites you but does no damage.
You barely resist. The Ice Fiend claws you!
* * * LOW HITPOINT WARNING * * *
The Ice Fiend freezes you! You resist.
* * * LOW HITPOINT WARNING * * *
The Ice Fiend barely misses you.
You barely resist. The nargun hits you!
* * * LOW HITPOINT WARNING * * *
The nargun bites you.
* * * LOW HITPOINT WARNING * * *
The nargun freezes you! You resist.
* * * LOW HITPOINT WARNING * * *
The Ice Fiend gestures at you. The bolt of cold hits you. You resist.
You die...

▓▓▓▓ ▓▓▓.........▓▓▓
▓▓.............▓▓
▓...............▓▓
.................▓▓
..................▓
...............9?[▓
...............9@1▓
∩..............991Z▓
...............[1?▓▓
...............(!?▓
..................▓
.................▓▓
▓...............▓▓
▓▓.............▓▓
▓▓▓.........▓▓▓


You could see 3 Ice Fiends, 4 narguns and a fire giant simulacrum.

Vanquished Creatures
  3 dread liches
  Khufu (Crypt:3)
  Frederick (Crypt:1)
  3 ancient liches
  Mara (Vaults:4)
  2 orbs of fire
  A royal mummy (Crypt:3)
  A pandemonium lord (Zig:8)
  2 antique champions (WizLab)
  Saint Roka (Elf:2)
  Xtahua (Crypt:2)
  A caustic shrike (Depths:2)
  6 curse toes
  8 golden dragons
  Geryon (Hell)
  The ghost of Kukkiyrph the Impregnable, an adept MiFi of Okawaru (Vaults:3)
  4 bone dragons
  A Brimstone Fiend (Zig:6)
  The ghost of abarbat the Executioner, an adept MiBe of Trog (Vaults:3)
  20 tentacled monstrosities
  2 electric golems (Zot:3)
  A shard shrike zombie (Crypt:3)
  2 Ice Fiends (Zig:8)
  Zenata (Elf:2)
  4 hellephants
  12 liches
  A Hell Sentinel (Zig:8)
  Asterion (Elf:2)
  5 titans
  3 deep elf blademasters (Elf:3)
  3 deep elf master archers
  2 tentacled starspawn
  9 sphinxes
  3 quicksilver dragons
  An acid blob (Zig:7)
  Polyphemus (Shoals:3)
  10 death cobs
  7 ancient champions
  14 shadow dragons
  Kirke (Spider:2)
  Donald (Spider:2)
  A revenant (Hell)
  9 tengu reavers
  18 storm dragons
  Ilsuiw (Shoals:3)
  4 draconian knights
  10 fire giants
  2 draconian monks (Zot:1)
  2 spectral caustic shrikes (Depths:2)
  A nargun (Zig:3)
  5 ghost moths
  7 deep elf sorcerers
  18 vault wardens
  Louise (D:15)
  4 emperor scorpions
  12 frost giants
  2 balrugs
  3 iron dragons
  4 deep elf elementalists
  A caustic shrike zombie (Crypt:2)
  A juggernaut zombie (Crypt:3)
  2 ghouls (Crypt:2)
  A draconian scorcher (Zot:3)
  3 imperial myrmidons (Desolation)
  The ghost of dethox the Warrior, a journeyman DsBe of Trog (Orc:2)
  3 draconian shifters
  4 draconian stormcallers
  18 stone giants
  An orc warlord (Orc:1)
  4 reapers
  4 draconian annihilators
  14 vampire knights
  An angel (Abyss:3)
  3 broodmothers
  3 war gargoyles
  9 ironbound thunderhulks
  3 formless jellyfish
  6 green draconians
  17 ironbound preservers
  2 spriggan defenders (Depths:4)
  2 juggernaut skeletons
  17 very ugly things
  7 black draconians
  Nessos (Lair:5)
  9 deep elf demonologists
  8 red draconians
  6 deep elf annihilators
  3 halazid warlocks (Desolation)
  7 yellow draconians
  A wendigo (Zig:3)
  Azrael (Elf:2)
  A minotaur (Gauntlet)
  7 white draconians
  3 lorocyprocas
  13 dire elephants
  4 spark wasps
  15 ettins
  2 purple draconians
  3 blizzard demons
  3 eidola
  A green death (Zig:8)
  Josephine (D:12)
  7 merfolk impalers
  11 deep elf death magi
  10 jiangshi
  5 ragged hierophants (Desolation)
  A crystal guardian (Vaults:4)
  4 merfolk javelineers
  7 entropy weavers
  The ghost of jotaen the Spear-Bearer, a journeyman MiFi of Okawaru (D:10)
  5 deep elf high priests
  Fannar (Lair:3)
  Harold (D:10)
  9 fire dragons
  6 great orbs of eyes
  4 ogre magi (Vaults:5)
  4 rakshasas
  6 yaktaur captains
  13 ice dragons
  4 peacekeepers
  Erolcha (Orc:1)
  A jorogumo (Spider:3)
  3 alligator snapping turtles
  10 servants of whispers (Desolation)
  A spriggan skeleton (Crypt:3)
  2 catoblepae
  7 spriggan air magi
  5 hydras
  2 merfolk avatars
  5 ironbound frosthearts
  4 centaur warriors
  An alligator (shapeshifter) (D:15)
  2 radroaches
  3 hell beasts (Hell)
  33 vault guards
  14 dancing weapons
  8 two-headed ogres
  7 death scarabs (Spider:4)
  5 merfolk aquamancers (Shoals:4)
  10 deep troll earth magi
  9 death yaks
  3 boulder beetles
  10 deep troll shamans
  2 naga warriors (Abyss:3)
  A death knight (Crypt:2)
  8 vampire magi
  2 bennu skeletons
  7 demonic crawlers
  12 hell hogs
  2 orc high priests
  3 thrashing horrors (Abyss:3)
  6 spriggan berserkers
  2 tengu warriors (D:14)
  A titan zombie (Crypt:1)
  5 soul eaters
  An occultist (Abyss:4)
  8 sun demons
  15 deep elf knights
  A spectral emperor scorpion (Spider:4)
  Nergalle (D:10)
  3 hell knights
  Sonja (Lair:5)
  2 shadow wraiths
  A fire crab (shapeshifter) (Vaults:5)
  5 pharaoh ants
  A salamander mystic (Depths:1)
  46 skeletal warriors
  A spatial maelstrom (Abyss:3)
  A sixfirhy (Zig:8)
  7 iron trolls
  7 skysharks
  8 wretched stars
  A sun moth (Spider:4)
  5 flayed ghosts
  A golden dragon zombie (WizLab)
  6 glowing orange brains
  6 orb spiders
  A death drake (shapeshifter) (Vaults:5)
  8 sea snakes
  A shadow demon (Abyss:3)
  An iron giant skeleton (Crypt:1)
  5 necromancers
  41 deep trolls
  5 arcanists
  3 spectral wolf spiders (Spider:4)
  An anaconda zombie (Hell)
  15 deep elf archers
  18 ironbound convokers
  4 orange crystal statues (Zig:1)
  14 phantasmal warriors
  2 alligator zombies
  4 steelbarb worms
  8 lindwurms
  24 starcursed masses
  The ghost of Azuvok the Cleaver, a novice MiGl of Okawaru (D:7)
  20 harpies
  3 anaconda skeletons
  A wolf spider zombie (Spider:4)
  30 deep elf zephyrmancers
  22 deep elf pyromancers
  8 orc knights
  21 wolf spiders
  15 manticores
  A shadow dragon skeleton (Crypt:1)
  4 cyclopes
  An oklob plant (D:11)
  45 ugly things
  2 shining eyes
  An alligator skeleton (Hell)
  3 salamanders (Depths:1)
  2 worldbinders
  3 fauns (Shoals:2)
  15 elephants
  3 orc sorcerers
  2 apocalypse crabs (Abyss:3)
  Maurice (D:12)
  2 ice statues
  21 vault sentinels
  7 guardian serpents
  4 kobold blastminers (Orc:2)
  4 rust devils (Hell)
  3 gargoyles (D:12)
  9 merfolk sirens
  A guardian serpent (shapeshifter) (Depths:4)
  32 moths of wrath
  A water nymph (shapeshifter) (Vaults:5)
  2 black mambas
  2 storm dragon simulacra (WizLab)
  A stone giant skeleton (Vaults:5)
  7 water nymphs
  6 molten gargoyles
  A cane toad (shapeshifter) (Depths:4)
  12 smoke demons
  15 large abominations
  An orange demon (Abyss:3)
  10 torpor snails
  4 rime drakes
  2 orb spider zombies (Crypt:1)
  A red draconian zombie (Crypt:2)
  A white draconian zombie (Crypt:3)
  4 efreet
  A black draconian zombie (Crypt:1)
  3 hellions
  4 freezing wraiths
  4 redback zombies (Spider:4)
  2 kobold demonologists
  3 spectral redbacks (Spider:4)
  8 ancient zymes
  8 komodo dragons
  An unseen horror (Abyss:3)
  14 cane toads
  12 yaktaurs
  A sea snake skeleton (Hell)
  An anaconda simulacrum (Hell)
  A tormentor (Abyss:3)
  Psyche (D:12)
  2 guardian mummies (Crypt:1)
  3 hydra zombies (Hell)
  2 tengu conjurers
  A polar bear (shapeshifter) (Abyss:3)
  A black draconian skeleton (Crypt:2)
  A white draconian skeleton (Crypt:3)
  A silent spectre (Abyss:4)
  12 ice devils
  An unseen horror skeleton (Crypt:2)
  A harpy zombie (Crypt:3)
  26 merfolk
  3 tyrant leeches (Lair:5)
  9 trolls
  3 spectral tarantellas (Spider:4)
  23 polar bears
  32 tarantellas
  4 spectral culicivoras (Spider:4)
  A spectral jumping spider (Spider:4)
  Grinder (D:4)
  6 wind drakes
  12 hornets
  A hydra skeleton (Hell)
  A tengu simulacrum (Vaults:5)
  2 glass eyes
  A glass eye (shapeshifter) (Depths:1)
  55 saltlings (Desolation)
  Prince Ribbit (D:8)
  3 harpy skeletons
  18 blink frogs
  12 snapping turtles
  9 dream sheep
  A stone giant simulacrum (WizLab)
  25 raiju
  A tarantella zombie (Spider:4)
  An ice dragon zombie (Crypt:2)
  3 air elementals (Elf:2)
  2 flying skulls (Crypt:3)
  A jumping spider (shapeshifter) (Depths:2)
  54 slime creatures
  3 ettin skeletons (Crypt:3)
  22 jumping spiders
  32 water elementals
  17 culicivoras
  3 wyverns
  Eustachio (D:6)
  11 wraiths
  3 ynoxinuls (Abyss:3)
  A spriggan (Depths:2)
  8 shadows
  85 yaks
  8 vampires
  2 fire bats (Depths:1)
  3 hogs (Spider:2)
  6 fire elementals
  A human (shapeshifter) (Abyss:3)
  A yak (shapeshifter) (Abyss:3)
  3 basilisks
  3 neqoxecs (Abyss:3)
  3 steam dragons
  5 vampire mosquitoes (D:13)
  10 wargs
  47 redbacks
  A spatial vortex (Abyss:3)
  A deep troll zombie (WizLab)
  A harpy simulacrum (Crypt:3)
  24 hell hounds
  7 acid dragons
  2 nagas (Abyss:3)
  17 water moccasins
  A deep troll skeleton (WizLab)
  2 sky beasts (D:7)
  42 orc warriors
  An ice beast (D:6)
  2 swamp dragon zombies
  9 small abominations (Abyss:3)
  13 black bears
  28 wolves
  The ghost of Kairakan the Shooter, an amateur FoHu (D:3)
  8 boggarts
  23 centaurs
  14 ogres
  6 kobold brigands
  13 bullfrogs
  5 gnoll sergeants
  A necrophage (Crypt:2)
  3 scorpions
  4 earth elementals
  A cane toad simulacrum (Lair:3)
  A cyclops zombie (Crypt:1)
  A two-headed ogre simulacrum (Lair:3)
  A water moccasin zombie (D:3)
  2 cyclops skeletons (WizLab)
  17 killer bees
  An oklob sapling (D:11)
  2 water moccasin skeletons
  3 howler monkeys
  A jelly (Abyss:4)
  3 centaur zombies
  7 quasits
  6 human zombies
  2 cyclops simulacra (WizLab)
  18 orc priests
  2 bullfrog skeletons (D:3)
  A centaur skeleton (Crypt:1)
  3 hounds
  Jessica (D:2)
  5 iguanas
  Terence (D:3)
  11 orc wizards
  A hell rat (Sewer)
  2 human skeletons
  A troll simulacrum (Lair:3)
  A wolf simulacrum (Lair:3)
  A deep dwarf skeleton (Crypt:3)
  10 mummies
  2 howler monkey zombies
  7 gnolls
  2 river rats
  13 adders
  A naga simulacrum (Lair:3)
  3 white imps
  5 ufetubi
  An iguana skeleton (Crypt:1)
  A jelly zombie (Crypt:2)
  4 worms
  A dart slug (D:2)
  83 orcs
  14 ball pythons
  3 bats
  10 endoplasms
  2 giant cockroaches
  9 goblins
  6 hobgoblins
  3 jackals (D:4)
  4 quokkas
  3 frilled lizards
  A giant cockroach zombie (Crypt:2)
  2 goblin zombies
  10 kobolds
  2 kobold zombies (Ossuary)
  3 orc zombies (Ossuary)
  11 rats
  A rat zombie (D:5)
  A lurking horror (Abyss:3)
  A spectral weapon (Elf:2)
2622 creatures vanquished.

Vanquished Creatures (collateral kills)
  A titan (Vaults:5)
  A vault warden (Vaults:5)
  A ghoul (WizLab)
  2 stone giants (Vaults:5)
  A deep elf high priest (Vaults:5)
  A yaktaur captain (Vaults:5)
  A two-headed ogre (Vaults:5)
  A phantasmal warrior (Vaults:5)
9 creatures vanquished.

Vanquished Creatures (others)
  A very ugly thing (Depths:4)
  A mummy priest (Zig:1)
  A hell knight (Hell)
  A deep elf zephyrmancer (Elf:2)
  A slime creature (D:14)
  A human (Spider:2)
  A redback (Spider:1)
  2 electric eels (D:14)
  An orc (Elf:1)
  5 starspawn tentacles
15 creatures vanquished.

Grand Total: 2646 creatures vanquished

Notes
Turn   | Place    | Note
-------+----------+-------------------------------------------
     0 | D:1      | Amplified the Minotaur Shapeshifter began the quest for the
                  | Orb.
     0 | D:1      | Reached XP level 1. HP: 16/16 MP: 0/0
   145 | D:1      | Reached skill level 1 in Armour
   235 | D:1      | Reached XP level 2. HP: 19/24 MP: 1/1
   373 | D:1      | Reached skill level 1 in Maces & Flails
  1032 | D:2      | Reached XP level 3. HP: 30/30 MP: 2/2
  1317 | D:2      | Noticed Jessica
  1324 | D:2      | Killed Jessica
  1437 | D:2      | Reached XP level 4. HP: 33/38 MP: 3/3
  1989 | D:3      | Found a shadowy altar of Dithmenos.
  2033 | D:3      | Reached XP level 5. HP: 11/45 MP: 4/4
  2049 | D:3      | Found Setracarph's General Store.
  2183 | D:3      | Noticed Terence
  2198 | D:3      | Killed Terence
  2524 | D:3      | Found a runed translucent gate.
  2524 | D:3      | Found a runed translucent gate.
  2524 | D:3      | Found a runed translucent gate.
  2525 | D:3      | Noticed Kairakan's ghost (amateur FoHu)
  3298 | D:4      | Noticed a black bear
  3311 | D:4      | Killed a black bear
  3312 | D:4      | Reached XP level 6. HP: 53/53 MP: 5/5
  3427 | D:4      | Reached skill level 5 in Fighting
  3442 | D:4      | Noticed Grinder
  3565 | D:4      | Identified the +7 short sword of Change {flame, Dex+3}
  3600 | D:4      | Killed Grinder
  3601 | D:4      | Reached skill level 5 in Maces & Flails
  3601 | D:4      | Reached skill level 5 in Armour
  3601 | D:4      | Reached XP level 7. HP: 40/62 MP: 6/6
  3920 | D:5      | Entered Level 5 of the Dungeon
  3926 | D:5      | Found a staircase to the Ecumenical Temple.
  3985 | Temple   | Entered the Ecumenical Temple
  3999 | Temple   | Became a worshipper of the Shining One
  4125 | D:5      | Found a sand-covered staircase.
  4142 | Ossuary  | Entered an ossuary
  4244 | Ossuary  | Reached * piety under the Shining One
  4337 | Ossuary  | Reached skill level 1 in Invocations
  4800 | D:5      | Reached XP level 8. HP: 69/71 MP: 8/8
  4819 | D:5      | Found a sacrificial altar of Ru.
  4848 | D:5      | Found a sparkling altar of Nemelex Xobeh.
  4850 | D:5      | Found an iron altar of Okawaru.
  4852 | D:5      | Found a snail-covered altar of Cheibriados.
  5017 | D:6      | Found a glowing drain.
  5039 | Sewer    | Entered a sewer
  5193 | D:6      | Noticed Eustachio
  5193 | D:6      | Reached ** piety under the Shining One
  5202 | D:6      | Killed Eustachio
  5442 | D:6      | Identified the +0 chain mail of Zoeschub {Slay+2}
  6087 | D:7      | Reached XP level 9. HP: 75/82 MP: 11/11
  6183 | D:7      | Identified a scroll of acquirement
  6183 | D:7      | Acquired a +0 eveningstar of holy wrath
  6295 | D:7      | Found a transporter.
  6300 | D:7      | Noticed Azuvok's ghost (novice MiGl)
  6364 | D:7      | Found a shimmering blue altar of Sif Muna.
  6420 | D:7      | Found a transporter.
  6468 | D:7      | Found a blossoming altar of Fedhas.
  6468 | D:7      | Found a hazy altar of Hepliaklqana.
  6628 | D:7      | Reached skill level 5 in Invocations
  6710 | D:8      | Noticed Prince Ribbit
  6716 | D:8      | Killed Prince Ribbit
  6762 | D:8      | Noticed a deep elf pyromancer
  6770 | D:8      | Killed a deep elf pyromancer
  6927 | D:8      | Found Ovaolaor's Weapon Shoppe.
  6971 | D:8      | Noticed a two-headed ogre
  6982 | D:8      | Killed a two-headed ogre
  6983 | D:8      | Reached skill level 10 in Fighting
  6983 | D:8      | Reached XP level 10. HP: 64/93 MP: 12/14
  7240 | D:8      | Reached skill level 10 in Maces & Flails
  7303 | D:8      | Found Jyly's General Store.
  7314 | D:8      | Bought a scroll of blinking for 90 gold pieces
  7514 | D:8      | Found Axengeih's Antique Armour Emporium.
  7518 | D:8      | Bought a masterwork cloak for 247 gold pieces
  7518 | D:8      | Identified the +0 cloak of Tempters {rF- Slay+2 Stlth+}
                  | (You bought it in a shop on level 8 of the Dungeon)
  7587 | D:8      | Found Ficos's Weapon Boutique.
  8115 | D:9      | Reached *** piety under the Shining One
  8693 | D:10     | Entered Level 10 of the Dungeon
  8738 | D:10     | Found a runed translucent gate.
  8738 | D:10     | Found a runed translucent gate.
  8738 | D:10     | Found a runed translucent gate.
  8739 | D:10     | Noticed jotaen's ghost (journeyman MiFi)
  9047 | D:10     | Noticed Harold
  9068 | D:10     | Killed Harold
  9069 | D:10     | Reached XP level 11. HP: 104/104 MP: 16/16
  9148 | D:10     | Noticed a two-headed ogre
  9166 | D:10     | Killed a two-headed ogre
  9322 | D:10     | Noticed Nergalle
  9348 | D:10     | Killed Nergalle
  9710 | D:10     | Found a burning altar of Makhleb.
  9710 | D:10     | Noticed a green death
 10017 | D:11     | Noticed a death yak
 10017 | D:11     | Noticed a death yak
 10019 | D:11     | Noticed a death yak
 10019 | D:11     | Found a staircase to the Lair.
 10040 | D:11     | Killed a death yak
 10045 | D:11     | Killed a death yak
 10049 | D:11     | Killed a death yak
 10197 | D:11     | Paralysed by a hornet for 3 turns
 10363 | D:11     | Noticed an oklob plant
 10454 | D:11     | Reached **** piety under the Shining One
 10466 | D:11     | Reached skill level 10 in Invocations
 10866 | D:11     | Found a staircase to the Orcish Mines.
 11414 | D:12     | Noticed a two-headed ogre
 11420 | D:12     | Killed a two-headed ogre
 11421 | D:12     | Reached XP level 12. HP: 116/116 MP: 14/18
 11453 | D:12     | Found a gate leading to a gauntlet.
 11458 | D:12     | Noticed a two-headed ogre
 11464 | D:12     | Killed a two-headed ogre
 11679 | Gauntlet | Entered a Gauntlet
 11679 | Gauntlet | Found a transporter.
 11679 | Gauntlet | Found a transporter.
 11714 | Gauntlet | Found a transporter.
 11716 | Gauntlet | Found a transporter.
 11721 | Gauntlet | Found a transporter.
 11736 | Gauntlet | Noticed a reaper
 11740 | Gauntlet | Found a transporter.
 11750 | Gauntlet | Found a transporter.
 11750 | Gauntlet | Found a transporter.
 11774 | Gauntlet | Found a transporter.
 11783 | Gauntlet | Found a transporter.
 11797 | Gauntlet | Found a transporter.
 11815 | Gauntlet | Found a transporter.
 11852 | Gauntlet | Found a transporter.
 11866 | Gauntlet | Found a transporter.
 11966 | Gauntlet | Found a transporter.
 11984 | Gauntlet | Found a transporter.
 12125 | Gauntlet | Identified the +2 cloak of Rotation {rPois Int-2 Slay+3}
 12195 | Gauntlet | Noticed a minotaur
 12209 | Gauntlet | Killed a minotaur
 12642 | D:12     | Reached ***** piety under the Shining One
 12642 | D:12     | Noticed Psyche
 12643 | D:12     | Noticed Josephine
 12645 | D:12     | Killed Psyche
 12649 | D:12     | Killed Josephine
 13005 | D:12     | Noticed Maurice
 13020 | D:12     | Killed Maurice
 13273 | D:12     | Noticed a two-headed ogre
 13279 | D:12     | Killed a two-headed ogre
 13280 | D:12     | Reached skill level 15 in Fighting
 13486 | D:7      | Killed Azuvok's ghost
 13488 | D:7      | Identified the ring of Toikol {Int+3 Dex+6}
 13632 | D:10     | Killed jotaen's ghost
 13702 | Orc:1    | Entered Level 1 of the Orcish Mines
 13705 | Orc:1    | Noticed an orc warlord
 13717 | Orc:1    | Killed an orc warlord
 13718 | Orc:1    | Reached skill level 15 in Maces & Flails
 13718 | Orc:1    | Reached XP level 13. HP: 81/127 MP: 7/20
 13770 | Orc:1    | Noticed Erolcha
 13775 | Orc:1    | Killed Erolcha
 14053 | Orc:1    | Found Kitoadi's Self-Improvement Boutique.
 14422 | D:3      | Bought a +4 ring of slaying for 780 gold pieces
 14447 | D:3      | Killed Kairakan's ghost
 14961 | Lair:1   | Entered Level 1 of the Lair of Beasts
 15004 | Lair:1   | Reached skill level 1 in Axes
 15946 | Lair:2   | Reached skill level 5 in Axes
 16331 | Lair:2   | You fall into a shaft and drop 1 floor!
 16578 | Lair:3   | Noticed Fannar
 16590 | Lair:3   | Killed Fannar
 16971 | Lair:3   | Found a staircase to the Shoals.
 17460 | Lair:3   | Reached XP level 14. HP: 86/135 MP: 23/23
 17747 | Lair:3   | Reached skill level 10 in Axes
 17748 | Lair:3   | Found a hole to the Spider Nest.
 18563 | Lair:4   | Reached skill level 10 in Armour
 19355 | Lair:5   | Entered Level 5 of the Lair of Beasts
 19381 | Lair:5   | Noticed Sonja
 19734 | Lair:5   | Killed Sonja
 19827 | Lair:5   | Found a staircase to the Slime Pits.
 20562 | Lair:5   | Noticed Nessos
 20569 | Lair:5   | Killed Nessos
 20659 | Lair:5   | Reached skill level 15 in Axes
 20812 | Lair:5   | Identified the +0 ring mail of the Tarantula {Will- Str+2
                  | Stlth+}
 20812 | Lair:5   | Identified the maw talisman "Gurypu Bib" {rF+ rC+ rCorr}
 21224 | Lair:5   | Reached XP level 15. HP: 117/141 MP: 24/24
 21498 | Lair:5   | Reached skill level 1 in Ice Magic
 22359 | D:12     | Identified the dragon-blood talisman of the Ward {rC+ rN+}
 22423 | Orc:2    | Entered Level 2 of the Orcish Mines
 22558 | Orc:2    | Reached skill level 1 in Shields
 22788 | Orc:2    | Found a transporter.
 22812 | Orc:2    | Noticed dethox's ghost (journeyman DsBe)
 22821 | Orc:2    | Found a transporter.
 22984 | Orc:2    | Found Oreviv's Jewellery Shop.
 22984 | Orc:2    | Found Riareil's General Store.
 22986 | Orc:2    | Found Beacziro's Weapon Shoppe.
 22988 | Orc:2    | Found Zoapolub's Armour Boutique.
 22992 | Orc:2    | Bought a +0 pair of gloves for 81 gold pieces
 23000 | Orc:2    | Bought a potion of curing for 39 gold pieces
 23174 | Orc:2    | Found a staircase to the Elven Halls.
 23396 | Orc:2    | Reached skill level 5 in Ice Magic
 23658 | Orc:1    | Noticed Urug
 23659 | Orc:1    | Urug changed into Urug the cyclops
 23659 | Orc:1    | Noticed Urug
 23662 | Orc:1    | Killed Urug the cyclops
 23734 | Orc:1    | Found Omow Pae's Distillery.
 23738 | Orc:1    | Bought a potion of haste for 120 gold pieces
 23738 | Orc:1    | Bought a potion of haste for 120 gold pieces
 23992 | D:13     | Found a frozen archway.
 24003 | D:13     | Reached skill level 5 in Shields
 24075 | IceCv    | Entered an ice cave
 24510 | IceCv    | Noticed a frost giant
 24533 | IceCv    | Killed a frost giant
 25204 | D:13     | Identified the amulet "Talimn" {Acrobat Will+}
 25476 | D:13     | Found a gate to the Vaults.
 25802 | D:13     | Reached skill level 10 in Shields
 25954 | D:14     | Identified the +1 leather armour of Bitterness {rPois rF-
                  | rN++ rCorr}
 26361 | D:14     | Reached XP level 16. HP: 149/149 MP: 15/25
 26505 | D:15     | Entered Level 15 of the Dungeon
 26972 | D:15     | Identified the staff "Ociodus" {rF+ rN+ Str+3 Hexes Fire}
 27077 | D:15     | Noticed Louise
 27096 | D:15     | Killed Louise
 27756 | D:15     | Found a staircase to the Depths.
 27757 | D:15     | Identified the +5 falchion "Jemu" {heavy, *Noise ^Fragile
                  | rElec rF+++}
 28930 | Elf:1    | Entered Level 1 of the Elven Halls
 28942 | Elf:1    | HP: 1/149 [deep elf archer/arrow (12)]
 29304 | Orc:2    | Bought the ring of Lyfo {Wiz rElec Dex+3} for 704 gold
                  | pieces
 29304 | Orc:2    | Bought the ring "Fiteboj" {rCorr Dex+4} for 495 gold pieces
 29486 | Spider:1 | Entered Level 1 of the Spider Nest
 30262 | Spider:1 | Reached skill level 15 in Shields
 30939 | Spider:2 | Noticed Kirke
 30941 | Spider:2 | Noticed Donald
 30944 | Spider:2 | Noticed a sphinx
 30950 | Spider:2 | Killed Kirke
 31161 | Spider:2 | Killed Donald
 31464 | Spider:2 | You fall into a shaft and drop 1 floor!
 31858 | Spider:3 | Reached skill level 5 in Dodging
 32033 | Spider:3 | Reached XP level 17. HP: 160/160 MP: 26/26
 32677 | Spider:4 | Entered Level 4 of the Spider Nest
 32956 | Spider:4 | Identified the +2 barding of Marbles {Fly rC- rN+ Str+4}
 33879 | Spider:4 | Identified the +1 pair of gloves of Jefuoph {rN+ Stlth+}
 33912 | Spider:4 | Got a gossamer rune of Zot
 34222 | Vaults:1 | Entered Level 1 of the Vaults
 34321 | Vaults:1 | Noticed a sphinx
 34325 | Vaults:1 | Killed a sphinx
 34632 | Vaults:1 | Reached skill level 10 in Dodging
 34649 | Vaults:1 | Reached skill level 15 in Armour
 34858 | Vaults:1 | Noticed a sphinx
 34867 | Vaults:1 | Killed a sphinx
 34922 | Vaults:1 | Noticed Norris
 35240 | Vaults:1 | Reached XP level 18. HP: 74/168 MP: 12/27
 35907 | Vaults:2 | Found a runed translucent gate.
 35907 | Vaults:2 | Found a runed translucent gate.
 35907 | Vaults:2 | Found a runed translucent gate.
 35907 | Vaults:2 | Noticed crisisinutopia's ghost (adept MiFi)
 35940 | Vaults:2 | Found a viscous altar of Jiyva.
 36576 | Vaults:3 | Found a large runed translucent door.
 36576 | Vaults:3 | Found a large runed translucent door.
 36576 | Vaults:3 | Noticed Kukkiyrph's ghost (adept MiFi)
 36576 | Vaults:3 | Noticed abarbat's ghost (adept MiBe)
 37148 | Vaults:3 | Reached skill level 15 in Invocations
 38124 | Vaults:3 | Found Ruugo's Weapon Shop.
 38401 | Vaults:3 | Found a staircase to the Crypt.
 38493 | Crypt:1  | Entered Level 1 of the Crypt
 38744 | Crypt:1  | Noticed Frederick
 38754 | Crypt:1  | Killed Frederick
 38917 | Crypt:1  | Reached XP level 19. HP: 180/180 MP: 30/30
 39130 | Crypt:1  | Reached ****** piety under the Shining One
 39497 | Crypt:1  | Identified a +4 eveningstar of holy wrath (a +2 vampiric
                  | eveningstar blessed by the Shining One)
 39497 | Crypt:1  | Received a gift from the Shining One
 39568 | Crypt:2  | Noticed Xtahua
 39583 | Crypt:2  | Killed Xtahua
 40011 | Crypt:2  | Identified the +4 pair of gloves of Deupti Vyci {Str+4}
 40448 | Crypt:2  | Found an ancient bone altar of Kikubaaqudgha.
 40457 | Crypt:2  | The Shining One protects you from harm!
 40457 | Crypt:2  | HP: 7/180 [ancient champion/iron shot (28)]
 40458 | Crypt:2  | The Shining One protects you from harm!
 41005 | Crypt:3  | Entered Level 3 of the Crypt
 41070 | Crypt:3  | Identified the ring "Gywathrycoun" {rPois rN+++ Will- EV+5
                  | Int-5 SInv}
 41101 | Crypt:3  | Noticed Khufu
 41102 | Crypt:3  | Noticed a royal mummy
 41107 | Crypt:3  | Killed Khufu
 41110 | Crypt:3  | Killed a royal mummy
 41497 | Crypt:3  | Noticed a curse toe
 41516 | Crypt:3  | Killed a curse toe
 41807 | Crypt:3  | Reached XP level 20. HP: 188/189 MP: 33/33
 41977 | Crypt:3  | Found a staircase to the Tomb.
 42112 | Crypt:3  | Noticed an ancient lich
 42147 | Crypt:3  | Noticed a bone dragon
 42158 | Crypt:3  | Killed a bone dragon
 42252 | Crypt:3  | Identified the +1 scale mail "Sisotab" {-Cast rC++ rCorr
                  | Dex+2}
 42252 | Crypt:3  | Noticed an ancient lich
 42314 | Crypt:3  | Killed an ancient lich
 42320 | Crypt:3  | Killed an ancient lich
 42355 | Crypt:3  | Identified the +6 shortbow of the Shimmering Gods {freeze,
                  | *Corrode rF+ Will++}
 42539 | Vaults:3 | Identified the +0 leather armour of the Stone Wall {rPois
                  | Regen+}
 44032 | Vaults:4 | Noticed Mara
 44034 | Vaults:4 | Noticed Amplified's illusion
 44038 | Vaults:4 | Killed Mara
 44298 | Vaults:4 | Found Daxzugid's Book Shoppe.
 44916 | Vaults:4 | Upgraded the game from 0.31-a0-1176-gb7303255ee to
                  | 0.31-a0-1202-ga8fea8b373
 44968 | Vaults:3 | Killed abarbat's ghost
 44973 | Vaults:3 | Killed Kukkiyrph's ghost
 45591 | Elf:1    | Found Nofaipae's Magic Scroll Emporium.
 45651 | Elf:1    | Found a huge runed translucent gate.
 45651 | Elf:1    | Found a huge runed translucent gate.
 45651 | Elf:1    | Found a huge runed translucent gate.
 45651 | Elf:1    | Found a huge runed translucent gate.
 45651 | Elf:1    | Found a huge runed translucent gate.
 45651 | Elf:1    | Found a huge runed translucent gate.
 45651 | Elf:1    | Found a huge runed translucent gate.
 45651 | Elf:1    | Found a huge runed translucent gate.
 45651 | Elf:1    | Found a huge runed translucent gate.
 45651 | Elf:1    | Found a huge runed translucent gate.
 45651 | Elf:1    | Found a huge runed translucent gate.
 45652 | Elf:1    | Found a huge runed translucent gate.
 45652 | Elf:1    | Found a huge runed translucent gate.
 45652 | Elf:1    | Found a huge runed translucent gate.
 45652 | Elf:1    | Found a huge runed translucent gate.
 45652 | Elf:1    | Found a huge runed translucent gate.
 45652 | Elf:1    | Found a huge runed translucent gate.
 45652 | Elf:1    | Found a huge runed translucent gate.
 45652 | Elf:1    | Found a huge runed translucent gate.
 45652 | Elf:1    | Found a huge runed translucent gate.
 45935 | Elf:1    | Acquired a manual of Dodging
 46026 | Elf:1    | Bought a scroll of enchant armour for 127 gold pieces
 46182 | Elf:2    | Noticed Asterion
 46191 | Elf:2    | Killed Asterion
 46207 | Elf:2    | Noticed Saint Roka
 46239 | Elf:2    | Killed Saint Roka
 46410 | Elf:2    | Found a crumbling gateway.
 46445 | Desolati | Entered the Desolation of Salt
 46484 | Desolati | Reached XP level 21. HP: 140/200 MP: 34/34
 46699 | Desolati | Got Yxofant Ydwe's Papyrus of Illusion and the Dose
 46745 | Desolati | Identified the +5 halberd "Odim" {drain, rPois Str+3}
 47042 | Desolati | Got the Compilation of Clouds
 47055 | Desolati | Reached skill level 15 in Dodging
 47080 | Desolati | Identified the +1 robe "Cehiunad" {rC+}
 47567 | Elf:2    | Found a runed translucent gate.
 47567 | Elf:2    | Found a runed translucent gate.
 47569 | Elf:2    | Found a runed translucent gate.
 47639 | Elf:2    | Found Qirch's Magic Scroll Shop.
 47639 | Elf:2    | Noticed Zenata
 47649 | Elf:2    | Paralysed by an air elemental for 1 turns
 47673 | Elf:2    | Killed Zenata
 47689 | Elf:2    | Noticed Azrael
 47694 | Elf:2    | Killed Azrael
 47702 | Elf:2    | Bought a scroll of teleportation for 45 gold pieces
 47702 | Elf:2    | Bought a scroll of blinking for 112 gold pieces
 47702 | Elf:2    | Bought a scroll of fear for 60 gold pieces
 47702 | Elf:2    | Bought a scroll of fog for 60 gold pieces
 47702 | Elf:2    | Bought a scroll of revelation for 112 gold pieces
 47702 | Elf:2    | Bought a scroll of revelation for 112 gold pieces
 47999 | Elf:2    | Found a portal to a secret trove of treasure.
 48118 | Elf:3    | Entered Level 3 of the Elven Halls
 48237 | Orc:2    | Killed dethox's ghost
 48238 | Orc:2    | Identified the +1 pair of boots "Adameor" {rC+}
 49235 | Abyss:3  | Cast into level 3 of the Abyss (a deep elf demonologist)
 49254 | Abyss:3  | Found a corrupted altar of Lugonu.
 49312 | Abyss:3  | Found a corrupted altar of Lugonu.
 49431 | Abyss:3  | Found a corrupted altar of Lugonu.
 49433 | Abyss:3  | Found a corrupted altar of Lugonu.
 49433 | Abyss:3  | Found a corrupted altar of Lugonu.
 49454 | Abyss:3  | Noticed a dread lich
 49459 | Abyss:3  | Killed a dread lich
 49714 | Abyss:3  | Gained mutation: Armour fits poorly on your strangely
                  | shaped body. [a neqoxec]
 50268 | Abyss:3  | Found a corrupted altar of Lugonu.
 50279 | Abyss:3  | Found a corrupted altar of Lugonu.
 50378 | Abyss:3  | Reached XP level 22. HP: 137/211 MP: 36/36
 50417 | Abyss:3  | Found a corrupted altar of Lugonu.
 50516 | Abyss:3  | Found a corrupted altar of Lugonu.
 50532 | Abyss:4  | Found a corrupted altar of Lugonu.
 50751 | Abyss:4  | Found a corrupted altar of Lugonu.
 50855 | Abyss:4  | Got an abyssal rune of Zot
 50864 | Abyss:4  | Found a corrupted altar of Lugonu.
 50911 | Elf:3    | Escaped the Abyss
 51096 | Elf:3    | Identified the ring "Beuheurch" {^Drain rC+ Str+2 Slay+3}
 51096 | Elf:3    | Identified the amulet of Tyroqimo {Reflect *Slow Fly rF++
                  | SH+5}
 51132 | Elf:3    | Identified the +1 robe "Sovvexzo" {rF++}
 51162 | Elf:3    | Identified the +6 rapier of Cawula {speed, *Corrode Fly rC+
                  | Int+8}
 51298 | Elf:3    | Found the +3 pair of gauntlets of War {Slay+5}
 51303 | Elf:3    | Found the +3 greatsling "Punk" {acid, rCorr}
 51332 | Elf:3    | Acquired a manual of Shapeshifting
 51374 | Elf:3    | Identified the +1 spear of Ru's Whim {spect, rElec rF+}
 51760 | Depths:1 | Entered Level 1 of the Depths
 52635 | Depths:1 | Found a one-way gate leading to the halls of Pandemonium.
 53047 | Depths:1 | Found a gateway to Hell.
 53369 | Depths:2 | Found a one-way gateway to a ziggurat.
 53380 | Depths:2 | Reached XP level 23. HP: 217/217 MP: 38/38
 53461 | Depths:2 | Noticed a caustic shrike
 54365 | Depths:2 | Paralysed by a vampire knight for 5 turns
 54485 | Depths:2 | Identified the +0 long sword "Itosol" {speed, MP+9 Dex+2}
 54485 | Depths:2 | Identified the ring of Noab {Fly rElec Str+6}
 54587 | Depths:2 | Found a blossoming altar of Fedhas.
 54606 | Depths:2 | Reached skill level 5 in Shapeshifting
 54682 | Depths:2 | Identified the ring of Jeuqucea {Dex-3 Slay+5 SInv}
 54765 | Depths:2 | Identified the ring of Kaahiw {Fly rF- Int+7 Dex+2 SInv}
 54872 | Depths:2 | Killed a caustic shrike
 54913 | Depths:2 | Identified the ring of Zeabodd {Str+6 Int+6 Dex-3}
 55148 | Depths:3 | Found a magical portal.
 55151 | Depths:3 | Lost mutation: Armour fits poorly on your strangely shaped
                  | body. [potion of mutation]
 55151 | Depths:3 | Gained mutation: You are robust. (+10% HP) [potion of
                  | mutation]
 55151 | Depths:3 | Gained mutation: You occasionally lose the ability to drink
                  | potions when taking damage. [potion of mutation]
 55151 | Depths:3 | Gained mutation: You have a pair of large horns on your
                  | head. [potion of mutation]
 55152 | Depths:3 | Lost mutation: You have a pair of large horns on your head.
                  | [potion of mutation]
 55152 | Depths:3 | Lost mutation: You occasionally lose the ability to drink
                  | potions when taking damage. [potion of mutation]
 55152 | Depths:3 | Gained mutation: Your movements are slightly less
                  | encumbered by armour. (ER -2) [potion of mutation]
 55166 | WizLab   | Entered Zonguldrok's Shrine
 55333 | WizLab   | Noticed an antique champion
 55333 | WizLab   | Noticed an antique champion
 55338 | WizLab   | Killed an antique champion
 55341 | WizLab   | Killed an antique champion
 55394 | WizLab   | Identified the +3 shadow dragon scales of Gousov {Str+5
                  | Stlth++++}
 55473 | Depths:3 | You fall into a shaft and drop 1 floor!
 55473 | Depths:4 | Entered Level 4 of the Depths
 55670 | Depths:4 | Found a one-way gate to the infinite horrors of the Abyss.
 55672 | Depths:4 | Found a gate to the Realm of Zot.
 56169 | Depths:4 | Got Luloyg Sewn's Octavo of Voltage
 56234 | Depths:4 | Identified the blade talisman "Vifoumav" {rPois rN+ Dex+3
                  | Stlth+}
 56870 | Depths:3 | Identified the +4 long sword "Wuyguq" {protect, rN+++ Str+8
                  | Int-3 Dex-4}
 57269 | Depths:3 | Reached XP level 24. HP: 254/254 MP: 38/38
 57280 | Depths:3 | Reached skill level 10 in Ice Magic
 58470 | Hell     | Entered the Vestibule of Hell
 58470 | Hell     | Noticed Geryon
 58484 | Hell     | Killed Geryon
 58486 | Hell     | Reached skill level 10 in Shapeshifting
 58747 | Hell     | Found a gateway to the freezing wastes of Cocytus.
 58898 | Hell     | Found a gateway to the Iron City of Dis.
 59056 | Hell     | Found a gateway to the ashen valley of Gehenna.
 59165 | Hell     | Found a gateway to the decaying netherworld of Tartarus.
 59567 | Vaults:5 | Entered Level 5 of the Vaults
 59576 | Vaults:5 | Noticed a dread lich
 59579 | Vaults:5 | Noticed a dread lich
 59587 | Vaults:5 | Killed a dread lich
 59591 | Vaults:5 | Killed a dread lich
 59591 | Vaults:5 | Identified the +6 orcbow of the Fox {elec, rCorr Int+3}
 59661 | Vaults:5 | Identified the +4 plate armour of Servitude {+Inv rC+
                  | Str+3}
 59663 | Vaults:5 | Got the Compendium of Relocated Transition
 59681 | Vaults:5 | Got Thaumaturgy, Part Eight
 59895 | Vaults:5 | Reached XP level 25. HP: 261/261 MP: 29/38
 59904 | Vaults:5 | Noticed an ancient lich
 59913 | Vaults:5 | Killed an ancient lich
 60266 | Vaults:5 | Identified the +2 falchion of Omatuwi {freeze, rElec Will+
                  | Int+2}
 60474 | Vaults:5 | Identified the +5 whip "Jellyslayer" {speed, Int+2}
 60476 | Vaults:5 | Got a silver rune of Zot
 60492 | Vaults:5 | Identified the +10 spear "Maz Ohairu" {antimagic, ^Drain
                  | rC+ rN+}
 60588 | Vaults:5 | Got the Lessons on Spectres and Bringing Forth
 60616 | Vaults:5 | Identified the +3 leather armour of Gaeleici {rPois Dex+4
                  | Stlth+}
 61292 | Shoals:1 | Entered Level 1 of the Shoals
 61371 | Shoals:1 | Identified the +1 robe of Fedhas's Supremacy {rElec Dex+3}
 61556 | Shoals:1 | Found a shimmering altar of Xom.
 61648 | Shoals:1 | Identified the +0 leather armour of Xeku {rCorr}
 62918 | Shoals:3 | Noticed Ilsuiw
 62933 | Shoals:3 | Killed Ilsuiw
 63122 | Shoals:3 | Noticed Polyphemus
 63149 | Shoals:3 | Killed Polyphemus
 63529 | Shoals:3 | Identified the +1 scale mail of Focus {Int+6}
 63950 | Shoals:4 | Entered Level 4 of the Shoals
 64810 | Shoals:4 | Identified the staff of Foolhardiness {rElec Conj}
 65058 | Shoals:4 | Got a barnacled rune of Zot
 65154 | Slime:1  | Entered Level 1 of the Pits of Slime
 65216 | Slime:1  | Gained mutation: Your magical capacity is low. (-10% MP) [a
                  | shining eye]
 65217 | Slime:1  | Gained mutation: You are weak. (Str -2) [a shining eye]
 65240 | Slime:1  | Learned a level 2 spell: Passwall
 65240 | Slime:1  | Lost mutation: You are robust. (+10% HP) [potion of
                  | mutation]
 65240 | Slime:1  | Lost mutation: Your magical capacity is low. (-10% MP)
                  | [potion of mutation]
 65240 | Slime:1  | Gained mutation: Your flesh is heat resistant. (rF+)
                  | [potion of mutation]
 65240 | Slime:1  | Gained mutation: Your skin changes colour to match your
                  | surroundings (Stealth+). [potion of mutation]
 65513 | Zot:1    | Entered Level 1 of the Realm of Zot
 66871 | Zot:1    | Reached XP level 26. HP: 251/252 MP: 38/38
 67770 | Zot:2    | Noticed an orb of fire
 67989 | Zot:2    | Gained mutation: You are occasionally teleported next to
                  | monsters. [an orb of fire]
 67992 | Zot:1    | Gained mutation: Your body sometimes deteriorates upon
                  | taking damage. [an orb of fire]
 67992 | Zot:1    | Gained mutation: You do not regenerate when monsters are
                  | visible. [an orb of fire]
 67993 | Zot:1    | Gained mutation: You sometimes lose your temper in combat.
                  | [an orb of fire]
 67994 | Zot:1    | Gained mutation: You are often teleported next to monsters.
                  | [an orb of fire]
 67999 | Zot:1    | Killed an orb of fire
 68140 | Zot:2    | Acquired the +8 eveningstar "Tiqeffell" {freeze, Int+2}
 68170 | Zot:2    | Lost mutation: Your movements are slightly less encumbered
                  | by armour. (ER -2) [potion of mutation]
 68170 | Zot:2    | Lost mutation: Your skin changes colour to match your
                  | surroundings (Stealth+). [potion of mutation]
 68171 | Zot:2    | Lost mutation: You are often teleported next to monsters.
                  | [potion of mutation]
 68171 | Zot:2    | Lost mutation: You sometimes lose your temper in combat.
                  | [potion of mutation]
 68171 | Zot:2    | Lost mutation: Your body sometimes deteriorates upon taking
                  | damage. [potion of mutation]
 68171 | Zot:2    | Gained mutation: You are robust. (+10% HP) [potion of
                  | mutation]
 68225 | Zot:2    | Noticed an orb of fire
 68259 | Zot:2    | Lost mutation: You are robust. (+10% HP) [an orb of fire]
 68265 | Zot:2    | Killed an orb of fire
 68447 | Zot:2    | Identified the +2 robe of Exclusion {rC++}
 69328 | Zot:3    | Found the +5 scythe "Finisher" {speed, execute}
 70430 | Zot:3    | Lost mutation: You are weak. (Str -2) [potion of mutation]
 70430 | Zot:3    | Lost mutation: Your flesh is heat resistant. (rF+) [potion
                  | of mutation]
 70430 | Zot:3    | Gained mutation: Your health recovers twice as slowly from
                  | being drained. [potion of mutation]
 70430 | Zot:3    | Gained mutation: You have a pair of large horns on your
                  | head. [potion of mutation]
 70430 | Zot:3    | Gained mutation: Your spells are a little easier to cast,
                  | but a little less powerful. [potion of mutation]
 71077 | Zig:1    | Entered Level 1 of a ziggurat
 71079 | Zig:1    | Noticed a royal mummy
 71082 | Zig:1    | Reached skill level 27 in Invocations
 71233 | Zig:2    | Entered Level 2 of a ziggurat
 71258 | Zig:3    | Entered Level 3 of a ziggurat
 71276 | Zig:3    | Got Mituad's Folio of the Chill and Exhumation
 71279 | Zig:4    | Entered Level 4 of a ziggurat
 71295 | Zig:4    | Identified the ring "Ohoes" {rElec rF+ rCorr MP-9 Int+3}
 71303 | Zig:4    | Identified the orb "Saap" {mayhem, Will+ Slay-4 Summ Air}
 71312 | Zig:4    | Reached skill level 27 in Fighting
 71312 | Zig:4    | Reached XP level 27. HP: 238/271 MP: 30/39
 71375 | Zig:5    | Entered Level 5 of a ziggurat
 71418 | Zig:6    | Entered Level 6 of a ziggurat
 71433 | Zig:6    | Identified the ring of Puzaomok {rC+ rCorr Str+5 Int+4}
 71452 | Zig:7    | Entered Level 7 of a ziggurat
 71476 | Zig:7    | Got the Writings on Snow-white Assembling
 71499 | Zig:8    | Entered Level 8 of a ziggurat
 71506 | Zig:8    | Noticed Ulesog the pandemonium lord
 71518 | Zig:8    | Killed Ulesog the pandemonium lord
 71520 | Zig:8    | Identified the +10 hand axe "Pihosel" {chaos, rElec rC+
                  | Stlth-}
 71524 | Zig:8    | Identified the +4 trident "Qownipux" {flame, rElec}
 71616 | Zig:8    | Identified the staff of the Curious Souls {rElec rN+ Will+
                  | Str+3 Necro}
 71619 | Zig:9    | Entered Level 9 of a ziggurat
 71635 | Zig:9    | HP: 8/273 [nargun (7)]
 71635 | Zig:9    | HP: 1/273 [nargun (5)]
 71635 | Zig:9    | Killed from afar by an Ice Fiend

Illustrated notes

Levels and vault maps discovered:
D:1:      evilmike_arrival_fibonacci_small, layout_basic
D:2:      layout_loops_corners, minmay_misc_feat_tower, nrook_loot_triangle,
          uniq_jessica
D:3:      layout_basic, nicolae_dithmenos_shadow_blocks, serial_shops, shop,
          gammafunk_ghost_necromancy, uniq_terence
D:4:      layout_rooms, grunt_decor_arrowhead, uniq_grinder
D:5:      layout_gridville, mainiacjoe_overflow_alcove_3, temple_pool_b,
          enter_ossuary_4, hangedman_decor_opposing
D:6:      layout_cave_pools, portal_sewer_entry_a, minivault_25, uniq_eustachio
D:7:      layout_loops_ring, amcnicky_altar_gilded,
          gammafunk_temple_overflow_statue, gammafunk_ghost_stat_death,
          eino_small_chamber_without_monster, kennysheep_flooded_box,
          amcnicky_mini_corridor_feature, hex_large
D:8:      layout_rooms, serial_shops, nicolae_inconvenience_store,
          nicolae_diamond_shop, nicolae_shop_pleasant_corner_grove, shop,
          uniq_prince_ribbit1
D:9:      layout_stronghold
D:10:     layout_roguey, makhleb_altar_promises_db, gammafunk_ghost_spectres,
          kennysheep_generic_room_4, uniq_harold, uniq_nergalle
D:11:     layout_irregular_city, dpeg_lair_monsters,
          kennysheep_orc_monster_closet_entryway, introduction_to_nature_1
D:12:     layout_loops_corners, gauntlet_entry_generic,
          minmay_misc_feat_pillars, minmay_protected_statue, uniq_maurice,
          uniq_psyche, uniq_josephine
D:13:     layout_basic, hellmonk_vaults_order_and_chaos, serial_ice,
          serial_ice_a, serial_ice_m, serial_ice_g, serial_ice_o,
          portal_ice_cave_demonic_guard
D:14:     layout_loops_ring, serial_bayou_pond_b, special_room
          [special_room_orc], item_on_display_a
D:15:     gammafunk_enter_depths_forms, layout_cave_pods,
          corexii_hall_statues_deadend, uniq_louise
Temple:   nicolae_temple_ecumenical_triangle
Lair:1:   layout_roguey, minivault_25
Lair:2:   layout_cave_pods, minmay_shattered_shrine
Lair:3:   dreamdust_isle_of_ice, layout_cellular_growth,
          nicolae_shoals_entry_flooding, spider_nest_entry_webs, uniq_fannar
Lair:4:   minmay_lair_oklob_chamber, layout_hall_layers,
          chequers_serial_rivers_micro_a, serial_bayou_shore_b,
          lemuel_fruit_tree
Lair:5:   wormcave, layout_loops_ring, hangedman_lair_caniforms_friends,
          slime_entry_1, uniq_nessos, uniq_sonja
Shoals:1: layout_shoals, lemuel_centaur_altar
Shoals:2: layout_shoals, nicolae_shoals_the_drawing_of_the_three
Shoals:3: layout_shoals, uniq_ilsuiw, uniq_polyphemus
Shoals:4: shoals_end_simple, layout_shoals, nicolae_shoals_elemental_ambush
Spider:1: layout_spider_delve
Spider:2: layout_cave_pods, ebering_ghost_reflecting_pool, drop_trap,
          uniq_donald, uniq_roxanne, uniq_kirke
Spider:3: layout_spider_delve
Spider:4: floodkiller_spider_rune_tomb
Slime:1:  layout_caves, cheibrodos_slime_lost_civilization_4
Slime:2:  layout_caves
Orc:1:    layout_diamond_mine, serial_shops, shop, nicolae_shop_self_help,
          uniq_urug, uniq_erolcha
Orc:2:    st_orc_rangers, layout_diamond_mine, gammafunk_ghost_berserking_beasts
Elf:1:    layout_loops_ring, serial_shops, nicolae_shop_tiny_waterfront,
          hangedman_elf_represent
Elf:2:    nicolae_elf_blades_splatter_lattice
          [nicolae_blade_entry_floor_patterns], layout_rooms,
          nicolae_trove_entry_columns, portal_desolation_entry_ruin,
          statue_in_the_mist_lemuel, minmay_shop_grid_forest, uniq_azrael,
          uniq_asterion, uniq_zenata, uniq_saint_roka
Elf:3:    elf_hall, layout_loops_cross, guppyfry_elf_castle
Vaults:1: nicolae_vaults_meiosis, nicolae_vaults_network_star,
          nicolae_vaults_double_plus_1, vaults_dpeg_diagonal,
          hangedman_vaults_slice, vaults_room_stairs_pillars,
          nicolae_vaults_tetromino_Z_2, layout_vaults_omnigrid, uniq_norris
Vaults:2: gammafunk_ghost_ooze, nicolae_vaults_alarming, v_misc_33,
          nicolae_vaults_ring_of_whatevers, nicolae_vaults_layer_cake_slice,
          nicolae_vaults_tetromino_T_2, v_alt_pattern_1,
          nicolae_vaults_tangram_2, v_misc_26, nicolae_vaults_trapezoid_2,
          nicolae_vaults_little_squares_1, layout_vaults_omnicross
Vaults:3: advil_vaults_ghost_guards, nicolae_vaults_taking_the_gang_shopping,
          v_misc_15, minmay_crypt_entry_nasty_monster,
          nicolae_vaults_oval_intersection, hangedman_vaults_cutoff, v_misc_22,
          nicolae_vaults_meeting, nicolae_vaults_trapezoid_1, v_alt_pattern_4,
          ontoclasm_vaults_loading_screen, layout_vaults_ring
Vaults:4: nicolae_vaults_spaceships, ontoclasm_vaults_pinch,
          nicolae_vaults_mini_display_case, v_rooms_6,
          nicolae_vaults_tetromino_L_2, nicolae_vaults_network_barrier,
          vaults_standard_mumra_x, v_pattern_4, nicolae_vaults_little_ls,
          hangedman_vaults_impose, layout_vaults_omnibox, serial_shops,
          nicolae_shop_window_shopping, uniq_mara
Vaults:5
Crypt:1:  layout_gridlike, small_statue_intersection, st_vampire_maze,
          grunt_crypt_arrival_guarded_gate, uniq_josephina, uniq_frederick
Crypt:2:  cheibrodos_crypt_eye_of_stone, layout_rooms, grunt_megastairs_2,
          uniq_xtahua
Crypt:3:  david_glass_crypt, layout_chaotic_city, tomb_entry_forgotten_bobbens,
          uniq_khufu
Depths:1: layout_basic, hellmouth_1, pan_entry, drop_trap, minivault_22,
          evilmike_ambush [evilmike_ambush_outer_basic,
          evilmike_ambush_inner_basic]
Depths:2: minmay_the_grid_triangle_9x9_recursive_3
          [minmay_the_grid_triangle_9x9_empty,
          minmay_the_grid_triangle_9x9_sparse_checkered,
          minmay_the_grid_triangle_9x9_minimal,
          minmay_the_grid_triangle_9x9_prize_special,
          minmay_the_grid_triangle_9x9_negative_grid,
          minmay_the_grid_triangle_9x9_empty,
          minmay_the_grid_triangle_9x9_shrine,
          minmay_the_grid_triangle_9x9_from_above,
          minmay_the_grid_triangle_9x9_cache], layout_gridlike,
          enter_ziggurat_c, minmay_staircase_statues, pan_entry,
          pf_hell_entry_tar_river
Depths:3: nicolae_moon_pools, layout_gridlike, abyss_entry_small_statue_room,
          grunt_hell_entry_dis_mu, mu_enter_wizlab_7, drop_trap,
          minmay_staircase_windowed_small
Depths:4: evilmike_zot_entry_diamond, layout_gridville, abyss_entry,
          grunt_hell_horde, minmay_mirror_moons_of_madness
Hell
Zot:1:    bobbens_index_wilting_gardens, layout_cellular_growth
Zot:2:    layout_onion_interference, bh_zot_ikea_curve
Zot:3:    layout_basic, st_stairs_8, zot_minivault_3, grunt_megastairs_1
Zot:4:    layout_onion_interference, hangedman_zot_decor_unnerving_road
Zig:9

Skill      XL: |  1  2  3  4  5  6  7  8  9 10 11 12 13 14 15 16 17 18 19 20 21 22 23 24 25 26 27 |
---------------+----------------------------------------------------------------------------------+-----
Armour         | 1 2 3 4 5 9 10 12 15 16 17 18 | 18.0
Fighting       | 2 3 4 5 6 8 10 11 13 15 16 18 19 20 22 24 27 | 27.0
Maces & Flails | 1 2 4 5 6 7 9 11 13 15 | 15.3
Invocations    | 2 4 6 8 10 11 13 14 16 20 21 22 24 25 27 | 27.0
Axes           | 9 16 | 16.7
Ice Magic      | 6 9 10 | 10.0
Shields        | 11 15 17 20 21 22 | 22.4
Dodging        | 5 10 11 13 16 17 19 20 | 20.1
Shapeshifting  | 3 8 12 | 12.8
Unarmed Combat | |  3.2

Action                     |  1- 3 |  4- 6 |  7- 9 | 10-12 | 13-15 | 16-18 | 19-21 | 22-24 | 25-27 || total
---------------------------+-------+-------+-------+-------+-------+-------+-------+-------+-------++-------
  Melee: Club              |    59 |    14 |       |       |       |       |       |       |       ||    73
         Unarmed           |     6 |       |       |       |       |       |       |       |       ||     6
         Headbutt          |    11 |    16 |    48 |   112 |   263 |   364 |   436 |   479 |   470 ||  2199
         Flail             |       |   117 |       |       |       |       |       |       |       ||   117
         Punch             |       |     4 |     4 |    10 |    19 |       |       |       |       ||    37
         Short sword       |       |     9 |   170 |       |       |       |       |       |       ||   179
         Eveningstar       |       |       |    47 |   380 |   958 |  1120 |  1278 |  1193 |  1075 ||  6051
 Invoke: Divine Shield     |       |       |       |     4 |     4 |    13 |    10 |    20 |     4 ||    55
         Cleansing Flame   |       |       |       |    13 |    32 |    65 |    91 |    78 |    51 ||   330
         Brand Weapon With |       |       |       |       |       |       |     1 |       |       ||     1
         Summon Divine War |       |       |       |       |       |       |       |     2 |       ||     2
Ability: Begin Untransform |     1 |       |       |       |       |       |       |       |       ||     1
  Evoke: Wand              |       |     1 |     1 |     2 |     5 |     5 |       |       |     1 ||    15
         Phantom mirror    |       |       |       |       |       |       |       |       |     1 ||     1
    Use: Scroll            |     5 |     6 |    13 |    10 |     4 |    21 |    10 |    15 |    14 ||    98
         Potion            |     1 |     5 |     2 |     8 |     3 |    16 |     8 |    12 |    13 ||    68
   Stab: Invisible         |       |     1 |       |       |       |       |       |       |       ||     1
 Armour: Animal skin       |    11 |       |       |       |       |       |       |       |       ||    11
         Ring mail         |    26 |    96 |   142 |   346 |   726 |   687 |   670 |   686 |   499 ||  3878
         Skin              |       |    13 |       |       |       |       |       |       |       ||    13
  Dodge: Dodged            |    35 |    89 |   116 |   296 |   522 |   425 |   490 |   580 |   346 ||  2899
  Block: Other             |       |       |       |    20 |    18 |       |       |       |       ||    38
         Kite shield       |       |       |       |       |   269 |   862 |   760 |   727 |       ||  2618
         Tower shield      |       |       |       |       |       |       |       |   419 |  1562 ||  1981
         Reflection        |       |       |       |       |       |       |       |     8 |    62 ||    70

Table legend: (Time is in decaauts)
 A = Elapsed time spent in this place.
 B = Non-inter-level travel time spent in this place.
 C = Inter-level travel time spent in this place.
 D = Time resting spent in this place.
 E = Time spent auto-exploring this place.
 F = Levels seen in this place.
 G = Mean time per level.
                   A        B        C        D        E       F      G
               +--------+--------+--------+--------+--------+-----+--------+
         Total |  70506 |  65155 |   5351 |   8756 |  42059 |  70 | 1007.2 |
       Dungeon |  18504 |  16412 |   2092 |   1393 |  12017 |  15 | 1233.6 |
        Temple |     27 |     14 |     13 |      0 |      0 |   1 |   27.0 |
          Lair |   7272 |   6636 |    636 |    318 |   5391 |   5 | 1454.4 |
        Shoals |   3744 |   3588 |    156 |     21 |   2854 |   4 |  936.0 |
   Spider Nest |   4512 |   4303 |    209 |   1023 |   2271 |   4 | 1128.0 |
    Slime Pits |     81 |     77 |      4 |      0 |      1 |   2 |   40.5 |
  Orcish Mines |   2664 |   2277 |    387 |    472 |   1439 |   2 | 1332.0 |
   Elven Halls |   3431 |   3186 |    245 |    202 |   2276 |   3 | 1143.7 |
        Vaults |   8388 |   8010 |    378 |   2261 |   4085 |   5 | 1677.6 |
         Crypt |   3919 |   3678 |    241 |    657 |   2122 |   3 | 1306.3 |
        Depths |   6494 |   6072 |    422 |    735 |   4151 |   4 | 1623.5 |
          Hell |    758 |    736 |     22 |      0 |    546 |   1 |  758.0 |
           Zot |   5398 |   4856 |    542 |    839 |   3137 |   4 | 1349.5 |
         Abyss |   1566 |   1566 |      0 |    401 |    329 |   2 |  783.0 |
      Ziggurat |    549 |    549 |      0 |    267 |      0 |   9 |   61.0 |
         Sewer |     91 |     91 |      0 |      0 |      6 |   1 |   91.0 |
       Ossuary |    312 |    312 |      0 |     82 |      0 |   1 |  312.0 |
      Ice Cave |   1000 |   1000 |      0 |      5 |    693 |   1 | 1000.0 |
        Wizlab |    251 |    251 |      0 |      0 |     16 |   1 |  251.0 |
    Desolation |   1007 |   1007 |      0 |     79 |    412 |   1 | 1007.0 |
      Gauntlet |    530 |    530 |      0 |      0 |    310 |   1 |  530.0 |
               +--------+--------+--------+--------+--------+-----+--------+

Top non-repeatable levels by time:
Vaults:3: 2814 daAuts
   Zot:1: 2597 daAuts
  Lair:5: 2431 daAuts
    D:11: 2213 daAuts
  Lair:3: 2188 daAuts
   Zot:3: 2108 daAuts
   Orc:2: 1918 daAuts
Vaults:4: 1841 daAuts
Depths:3: 1798 daAuts
Depths:2: 1731 daAuts
Vaults:1: 1680 daAuts
    D:15: 1597 daAuts
     D:3: 1586 daAuts
    D:12: 1570 daAuts
 Crypt:2: 1556 daAuts
